 Dungeon Crawl Stone Soup version 0.31-a0-640-g39d97e502b (webtiles) character file.

Game seed: 10246790355857931428

47 qw the Shooter (level 3, -2/19 HPs)
             Began as a Gargoyle Hunter on Aug 27, 2023.
             Slain by a goblin
             ... wielding a +0 dagger
             ... led by Robin
              (3 damage)
             ... on level 2 of the Dungeon.
             The game lasted 00:00:24 (872 turns).

qw the Shooter (Gargoyle Hunter)                     Turns: 872, Time: 00:00:24

Health: -2/19      AC:  7    Str: 14    XL:     3   Next: 70%
Magic:  2/2        EV: 11    Int:  9    God:
Gold:   39         SH:  0    Dex: 15    Spells: 2/2 levels left

rFire   . . .        Y - +0 shortbow
rCold   . . .        (shield currently unavailable)
rNeg    + . .        c - +0 leather armour
rPois   inf          (no helmet)
rElec   +            d - +0 cloak
rCorr   .            (no gloves)
SInv    .            (no boots)
Will    .....        (no amulet)
Stlth   ++           (no ring)
HPRegen 0.23/turn    (no ring)
MPRegen 0.08/turn

%: clarity
@: no status effects
A: sickness immunity, AC +3, negative energy resistance 1, electricity
resistance, torment resistance 1, petrification resistance, clarity, frail 1,
low MP 1
a: no special abilities


You were on level 2 of the Dungeon.
You visited 1 branch of the dungeon, and saw 2 of its levels.

You collected 58 gold pieces.
You spent 19 gold pieces at shops.


Innate Abilities, Weirdness & Mutations

You are immune to sickness and miasma.
Your stone body is resilient. (AC +3)
You are immune to poison.
You resist negative energy. (rN+)
You are resistant to electric shocks. (rElec)
You are resistant to unholy torment.
You are immune to petrification.
You possess an exceptional clarity of mind.
You are frail. (-10% HP)
Your magical capacity is low. (-10% MP)


   Skills:
 + Level 2.9 Fighting
 - Level 5.0 Ranged Weapons
 - Level 1.5 Dodging
 - Level 1.1 Stealth


You had 2 spell levels left.
You didn't know any spells.
Your spell library was empty.

Inventory:

Hand Weapons
 Y - a +0 shortbow (weapon)
Armour
 c - a +0 leather armour (worn)
 d - a +0 cloak (worn)
Scrolls
 a - a scroll of amnesia {unknown}
Potions
 b - a potion of lignification {unknown}
 e - a potion of brilliance {unknown}
 h - a potion of curing {unknown}

Dungeon Overview and Level Annotations

Branches:
Dungeon (2/15)

Altars:

Shops:
D:1 *[?!

Annotations:
D:2 Robin


Message History

You shoot an arrow. The arrow barely misses the goblin.
The bat barely misses you.
A goblin comes into view. It is wielding a +0 dagger.
A hobgoblin comes into view.
The hobgoblin hits you but does no damage.
The hobgoblin closely misses you. The goblin hits you but does no damage.
The goblin hits you with a +0 dagger. The bat hits you but does no damage.
You shoot an arrow. The goblin shouts!
The arrow hits the goblin.
You kill the goblin!
You hear a shout!
The bat barely misses you. The goblin barely misses you.
The hobgoblin closely misses you.
A hobgoblin comes into view.
The hobgoblin closely misses you.
You shoot an arrow. The arrow closely misses the goblin.
The bat hits you but does no damage. The goblin barely misses you.
The hobgoblin barely misses you. The hobgoblin closely misses you.
A goblin comes into view. It is wielding a +0 club.
You shoot an arrow. The arrow barely misses the goblin.
The bat hits you but does no damage. The bat closely misses you.
Robin roars a battlecry!
The goblins go into a battle-frenzy!
A hobgoblin comes into view.
The goblin hits you with a +0 club.
The hobgoblin hits you but does no damage.
The hobgoblin hits you. Robin throws the goblin at you!
The hobgoblin hits you but does no damage.
The hobgoblin closely misses you. x2; The goblin hits you with a +0 club.
A goblin comes into view. It is wielding a +0 dagger.
You shoot an arrow. The arrow misses the goblin.
The bat closely misses you. The bat barely misses you.
The goblin hits you but does no damage. The hobgoblin closely misses you.
The hobgoblin barely misses you. The hobgoblin closely misses you.
The goblin barely misses you.
You shoot an arrow. The arrow hits Robin.
Robin is moderately wounded.
The bat closely misses you. The goblin hits you with a +0 dagger.
You die...

####(##
#.##.# #
#.##.# #.##.#
### ##.##.#
#... ##...#.#
#....#......#
#......b....#
#.......gg..#
#......g@g..#
######..gg.)#
#...g...#
#..g...?#
#...).g.#
##......#
##gg.#.#
....#.#


You could see Robin, 6 hobgoblins, 4 goblins and a bat.

Vanquished Creatures
  An adder (D:2)
  4 ball pythons (D:1)
  4 endoplasms
  6 hobgoblins
  A quokka (D:1)
  5 bats
  A frilled lizard (D:1)
  6 goblins
  3 kobolds (D:1)
  4 rats (D:1)
35 creatures vanquished.

Notes
Turn   | Place    | Note
-------+----------+-------------------------------------------
     0 | D:1      | qw the Gargoyle Hunter began the quest for the Orb.
     0 | D:1      | Reached XP level 1. HP: 12/12 MP: 1/1
     0 | D:1      | 0 ||| qw: Version: 0.3-a-74-g0d5e918
     0 | D:1      | 0 ||| qw: Game counter: 88
     0 | D:1      | 0 ||| qw: Melee chars always use a shield: true
     0 | D:1      | 0 ||| qw: God list: Okawaru
     0 | D:1      | 0 ||| qw: Allow faded altars: false
     0 | D:1      | 0 ||| qw: Do Orc after clearing Dungeon:15 true
     0 | D:1      | 0 ||| qw: Do second Lair branch before Depths: true
     0 | D:1      | 0 ||| qw: Lair rune preference: random
     0 | D:1      | 0 ||| qw: Goals: Normal
     0 | D:1      | 0 ||| PLANNING D:1-11
   110 | D:1      | Found Boub's Distillery.
   121 | D:1      | 121 ||| SHOPLISTING potion of curing (33 gold, have 0).
   121 | D:1      | 121 ||| SHOPLISTING potion of haste (110 gold, have 0).
   121 | D:1      | 121 ||| SHOPLISTING potion of heal wounds (55 gold, have
                  | 0).
   121 | D:1      | 121 ||| SHOPLISTING potion of might (44 gold, have 0).
   121 | D:1      | 121 ||| SHOPLISTING potion of mutation (88 gold, have 0).
   155 | D:1      | Found Omi Paik's Antique Armour Shoppe.
   161 | D:1      | 161 ||| SHOPLISTING dyed leather armour (110 gold, have 0).
   161 | D:1      | 161 ||| SHOPLISTING jewelled ring mail (198 gold, have 0).
   161 | D:1      | 161 ||| SHOPLISTING ring mail (88 gold, have 0).
   161 | D:1      | 161 ||| SHOPLISTING runed leather armour (110 gold, have
                  | 0).
   189 | D:1      | Reached XP level 2. HP: 17/17 MP: 2/2
   309 | D:1      | Found Mimanni's Assorted Antiques.
   368 | D:1      | 368 ||| SHOPLISTING 2 scrolls labelled UXIBIS HIRA (44
                  | gold, have 24).
   368 | D:1      | 368 ||| BUYING fizzy grey potion (19 gold).
   368 | D:1      | Bought a fizzy grey potion for 19 gold pieces
   368 | D:1      | 368 ||| SHOPLISTING pair of runed boots (165 gold, have 5).
   368 | D:1      | 368 ||| SHOPLISTING scroll labelled GIM TEG BATHUT (22
                  | gold, have 5).
   368 | D:1      | 368 ||| SHOPLISTING scroll labelled LUCWUYLOTT (22 gold,
                  | have 5).
   368 | D:1      | 368 ||| SHOPLISTING scroll labelled PAERYLIUPT (22 gold,
                  | have 5).
   478 | D:1      | Found Jiofeguf's Magic Scroll Emporium.
   485 | D:1      | 485 ||| SHOPLISTING 3 scrolls of enchant weapon (292 gold,
                  | have 5).
   485 | D:1      | 485 ||| SHOPLISTING scroll of identify (26 gold, have 5).
   545 | D:1      | Reached XP level 3. HP: 21/21 MP: 3/3
   584 | D:1      | Reached skill level 5 in Ranged Weapons
   585 | D:1      | Found a faded altar of an unknown god.
   713 | D:1      | 713 ||| UPGRADING to +0 cloak.
   718 | D:1      | 718 ||| READING scroll labelled IDUGRU XAPEO.
   722 | D:1      | 722 ||| DRINKING 2 fizzy inky potions.
   722 | D:1      | Gained mutation: You are occasionally teleported next to
                  | monsters. [potion of mutation]
   722 | D:1      | Gained mutation: Your spells are a little harder to cast,
                  | but a little more powerful. [potion of mutation]
   723 | D:1      | 723 ||| DRINKING potion of mutation.
   723 | D:1      | Lost mutation: You are occasionally teleported next to
                  | monsters. [potion of mutation]
   723 | D:1      | Lost mutation: Your spells are a little harder to cast, but
                  | a little more powerful. [potion of mutation]
   723 | D:1      | Gained mutation: You are frail. (-10% HP) [potion of
                  | mutation]
   723 | D:1      | Gained mutation: Your magical capacity is low. (-10% MP)
                  | [potion of mutation]
   723 | D:1      | Gained mutation: You possess an exceptional clarity of
                  | mind. [potion of mutation]
   724 | D:1      | 724 ||| DROPPING scroll of butterflies.
   862 | D:2      | Noticed Robin
   870 | D:2      | HP: 1/19 [goblin/+0 club[Robin] (4)]
   872 | D:2      | Slain by a goblin

Levels and vault maps discovered:
D:1:      dpeg_arrival_round_b, layout_loops_ring, serial_shops, shop,
          nicolae_shop_pleasant_corner_grove, shop,
          nicolae_shop_tiny_statue_garden,
          hellmonk_ecumenical_altar_inner_sanctum
D:2:      layout_rooms, bh_walls_and_bars, uniq_robin

Skill      XL: |  1  2  3 |
---------------+----------+-----
Ranged Weapons | 5 |  5.0
Fighting       | |  2.9
Dodging        | |  1.5
Stealth        | |  1.1

Action                     || total
---------------------------++-------
   Fire: Shortbow          ||    95
    Use: Potion            ||     2
         Scroll            ||     1
 Armour: Leather armour    ||    14
  Dodge: Dodged            ||    37

Table legend:
 A = Non-vault XP
 B = Vault XP
 C = Vault XP percentage of total XP
 D = Non-vault monster count
 E = Vault monster count
 F = Vault count percentage of total count
                 A         B        C        D         E       F
            +---------+---------+-------+---------+---------+-------
      Total |      64 |       4 |   5.9 |      33 |       2 |   5.7
            +---------+---------+-------+---------+---------+-------
        D:1 |      42 |       0 |   0.0 |      27 |       0 |   0.0
        D:2 |      22 |       4 |  15.4 |       6 |       2 |  25.0
            +---------+---------+-------+---------+---------+-------
